 Dungeon Crawl Stone Soup version 0.22-a0-135-g6f012ad (webtiles) character file.

118313 sankara the Imperceptible (level 16, -3/129 HPs)
             Began as a Vampire Berserker on Jan 30, 2018.
             Was a High Priest of Trog.
             Killed from afar by Nikola (30 damage)
             ... with a chain lightning
             ... on level 2 of the Swamp on Jan 31, 2018.
             The game lasted 04:17:09 (35409 turns).

sankara the Imperceptible (Vampire Berserker)      Turns: 35409, Time: 04:17:10

Health: -3/129     AC: 22    Str: 19    XL:     16   Next: 25%
Magic:  18/18      EV: 23    Int: 13    God:    Trog [*****.]
Gold:   2209       SH:  6    Dex: 19    Spells: 15/15 levels left

rFire    . . .     SeeInvis +   y - +0 scimitar (flame)
rCold    + . .     Gourm    .   S - +0 buckler
rNeg     + + .     Faith    +   i - +4 troll leather armour {Purgy}
rPois    +         Spirit   .   D - +0 helmet
rElec    .         Reflect  .   X - +2 cloak
rCorr    .         Harm     .   x - +1 pair of gloves {Str+3}
MR       +++++                  P - +2 pair of boots
Stlth    +++++++++.             M - amulet of Tegikk {Faith MR++}
HPRegen  1.35/turn              F - +4 ring of protection
MPRegen  0.16/turn              R - ring of flight

@: flying, regenerating
A: fangs 3, see invisible, blink, clever 1, unbreathing
a: Bat Form, Blink, Berserk, Trog's Hand, Brothers in Arms, Burn Spellbooks,
Renounce Religion, Stop Flying


You were on level 2 of the Swamp.
You worshipped Trog.
Trog was extremely pleased with you.
You were very thirsty.

You visited 4 branches of the dungeon, and saw 25 of its levels.
You also visited: Sewer and Volcano.

You collected 3272 gold pieces.
You spent 1063 gold pieces at shops.

Inventory:

Hand Weapons
 a - a +2 dagger of draining
 b - a +0 blowgun
 c - the +9 falchion of Wov Ighefooc {drain, Int+6}
   (You found it on level 6 of the Lair of Beasts)

   A truly terrible weapon, it drains the life of those it strikes.
   It affects your intelligence (+6).
 g - a +4 antimagic demon blade
 y - a +0 scimitar of flaming (weapon)
Missiles
 j - 4 javelins
 k - 5 needles of paralysis
 m - 13 needles of sleeping
 o - 8 javelins of penetration
 p - 16 tomahawks of returning (quivered)
 q - 14 needles of confusion
 s - 93 poisoned needles
 w - 7 silver javelins
 G - 4 throwing nets
 J - 20 javelins of returning
 K - 13 needles of frenzy
 L - 8 curare-tipped needles
 O - 7 poisoned javelins
 W - 11 steel javelins
Armour
 i - a +4 troll leather armour (worn) {Purgy}
 x - a +1 pair of gloves of strength (worn)
 D - a +0 helmet (worn)
 P - a +2 pair of boots (worn)
 S - a +0 buckler (worn)
 X - a +2 cloak (worn)
Jewellery
 e - an uncursed ring of protection from fire
 h - an uncursed ring of protection from magic
 F - a +4 ring of protection (left hand)
 M - the amulet of Tegikk (around neck) {Faith MR++}
   (You acquired it on level 1 of the Swamp)

   [amulet of faith]

   It allows you to gain divine favour quickly.
   It affects your resistance to hostile enchantments.
 R - a ring of flight (right hand)
Wands
 u - a wand of paralysis (22)
 H - a wand of acid (20)
 Y - a wand of digging (31)
Scrolls
 f - 4 scrolls of magic mapping
 r - 19 scrolls of teleportation
 t - 7 scrolls of remove curse
 z - 4 scrolls of fear
 C - 5 scrolls of identify
 E - 3 scrolls of blinking
Potions
 d - 13 potions of blood
 l - 12 potions of curing
 v - a potion of invisibility
 A - 5 potions of might
 B - 6 potions of flight
 I - 7 potions of haste
 Q - a potion of ambrosia
 T - a potion of agility
 U - a potion of cancellation
 V - 2 potions of resistance
 Z - a potion of heal wounds
Miscellaneous
 n - 3 boxes of beasts
 N - 2 phantom mirrors


   Skills:
 + Level 12.8 Fighting
 + Level 11.3 Long Blades
 + Level 9.3 Throwing
 - Level 3.0 Armour
 + Level 13.1 Dodging
 + Level 23.0 Stealth
 - Level 4.0 Shields
 - Level 3.0 Evocations


You had 15 spell levels left.
You didn't know any spells.

Dungeon Overview and Level Annotations

Branches:
Dungeon (15/15)            Temple (0/1) D:5            Lair (6/6) D:11
  Swamp (2/4) Lair:2        Snake (0/4) Lair:2        Slime (0/5) Lair:6
    Orc (2/2) D:12            Elf (0/3) Orc:2        Vaults (0/5) D:13
 Depths (0/5) D:15

Altars:
Hepliaklqana
Makhleb
Beogh

Shops:
Orc:1 *::[[   Orc:2 =*=([

Portals:
Hell: Lair:6

Annotations:
Swamp:2 Nikola


Innate Abilities, Weirdness & Mutations

You heal slowly.
You have razor-sharp teeth.
You have supernaturally acute eyesight. (SInv)
You can survive without breathing.
You can translocate small distances at will.
Your mind is acute. (Int +2)


Message History

You burn the seven-headed hydra.
The seven-headed hydra is lightly wounded.
Nikola hits you with a rapier of electrocution.
You are electrocuted!
You lop one of the seven-headed hydra's heads off!
The flame cauterises the wound!
You hit the six-headed hydra. You burn the six-headed hydra.
The six-headed hydra is lightly wounded.
The six-headed hydra bites you but does no damage.
The six-headed hydra closely misses you.
The six-headed hydra bites you.
The six-headed hydra closely misses you.
The six-headed hydra misses you. x2
Nikola mumbles some strange words.
You hear a mighty clap of thunder!
The lightning arc hits the six-headed hydra.
The lightning arc hits you!
* * * LOW HITPOINT WARNING * * *
The lightning arc hits Nikola.
The lightning arc hits you!
You die...

♣..≈§≈≈≈≈.≈≈..≈♣≈.≈.♣≈≈≈≈≈≈≈≈≈≈
♣♣..≈≈≈...............≈≈≈≈≈≈≈≈≈
♣♣..?.≈≈...§≈≈♣..♣..≈≈≈≈≈≈≈≈≈.
♣♣♣..≈≈.≈≈.♣♣♣♣≈....≈≈≈♣..≈..[
♣≈....≈≈≈≈....≈≈....≈.♣♣♣..≈..
♣♣.≈≈..≈≈.≈≈......≈≈≈[.♣ ♣♣.≈≈♣
♣≈.≈≈....≈≈≈..≈..≈≈≈§≈≈♣ ♣.§.♣
♣♣..........≈≈≈...§.≈≈.♣ ♣♣♣♣.
♣♣♣≈..≈≈...≈@@.≈....≈.♣ ♣♣♣≈≈
♣♣.≈≈≈.♣♣≈D♣..≈≈≈≈..♣♣♣♣...≈
♣.≈≈.♣♣♣♣≈♣♣.≈≈≈≈...♣♣..≈≈≈
♣...♣♣ ♣♣♣♣..≈≈≈..≈≈♣♣..≈≈
♣...♣♣ ♣♣≈§≈.♣♣≈♣♣♣♣.≈≈
♣≈(..♣♣♣♣♣♣ ♣♣♣♣♣.≈§≈♣ ♣≈>.
♣.≈≈......♣ ♣≈≈≈≈.♣ ♣<..
♣.≈≈.≈≈≈≈.♣ ♣≈.≈≈≈♣ ♣...
♣♣♣♣♣..≈≈≈≈≈.♣♣ ♣♣...♣♣♣♣.≈≈


You could see Nikola and a six-headed hydra.

Vanquished Creatures
  Agnes (D:14)
  A thorn hunter (Swamp:2)
  Roxanne (D:15)
  2 orc warlords
  An ettin (D:15)
  A yaktaur captain (D:13)
  6 hydras
  2 ogre magi (D:15)
  Harold (Lair:4)
  A vault guard (D:13)
  A rakshasa (D:13)
  An ice dragon (D:13)
  6 alligators (Swamp:1)
  A tengu warrior (D:15)
  5 centaur warriors
  A death knight (D:14)
  5 two-headed ogres
  5 orc high priests
  3 death yaks
  A sun demon (Lair:6)
  A deep troll earth mage (D:13)
  A deep elf knight (D:15)
  2 skeletal warriors (D:14)
  3 wizards
  A deep troll (D:15)
  An unseen horror (D:15)
  2 swamp dragons
  5 orc knights
  A wolf spider zombie (D:13)
  8 ugly things
  3 manticores
  3 orc sorcerers
  4 deep elf magi
  4 salamanders (Volcano)
  4 cyclopes
  Psyche (D:9)
  A salamander (shapeshifter) (D:15)
  Maurice (D:12)
  A manticore (shapeshifter) (D:13)
  16 elephants
  6 black mambas
  A torpor snail (Lair:6)
  2 gargoyles (D:12)
  2 orange demons (Lair:6)
  12 spiny frogs
  5 centaur skeletons
  A kobold demonologist (D:13)
  5 komodo dragons
  8 rime drakes
  An efreet (D:13)
  A hellwing (Lair:6)
  A freezing wraith (D:15)
  2 ice devils (Lair:6)
  A red devil (Lair:6)
  A tengu conjurer (D:13)
  A hornet (D:9)
  Grinder (D:5)
  11 trolls
  2 polar bears
  A bog body (Swamp:1)
  18 blink frogs
  The ghost of zero the Grave Robber, an amateur GnNe (D:4)
  15 slime creatures
  10 dream sheep
  A centaur simulacrum (D:15)
  9 hippogriffs
  A water elemental (D:14)
  2 shadows
  A spriggan (D:7)
  3 wraiths
  6 wyverns
  38 yaks
  5 hungry ghosts
  7 vampire mosquitoes
  A yak (shapeshifter) (D:15)
  A basilisk (D:11)
  7 wargs
  5 insubstantial wisps (Swamp:2)
  2 nagas (Lair:2)
  9 swamp worms
  An acid dragon (D:13)
  4 hell hounds (Lair:6)
  A two-headed ogre zombie (D:12)
  5 porcupines
  10 water moccasins
  Purgy (Sewer)
  The ghost of zero the Covert, an amateur SpEn (D:3)
  5 swamp drakes
  5 ice beasts
  38 orc warriors
  4 sky beasts
  An eye of draining (D:9)
  3 phantoms
  8 wolves
  2 boggarts (D:15)
  2 black bears
  21 ogres
  2 necrophages
  17 centaurs
  16 crocodiles
  18 bullfrogs
  3 big kobolds
  A hornet simulacrum (D:15)
  2 scorpions
  7 killer bees
  17 wights
  4 howler monkeys
  3 electric eels
  3 crimson imps
  3 quasits
  4 bullfrog zombies
  4 centaur zombies
  7 hounds
  4 jellies
  19 orc priests
  2 bullfrog skeletons (D:11)
  28 orc wizards
  A gnoll shaman (Orc:1)
  4 iguanas
  11 worker ants
  7 ogre zombies (D:12)
  A hound zombie (D:11)
  A hound skeleton (D:4)
  A howler monkey zombie (D:11)
  A worker ant zombie (D:11)
  14 gnolls
  5 adders
  5 shadow imps
  7 oozes
  6 worms
  2 dart slugs
  10 leopard geckos
  99 orcs
  2 ball pythons (Sewer)
  3 giant cockroaches
  5 goblins
  8 hobgoblins
  27 kobolds
  4 quokkas
  5 bats (D:3)
  9 frilled lizards
  3 goblin skeletons (D:12)
  2 goblin zombies (D:12)
  A hobgoblin skeleton (D:12)
  3 hobgoblin zombies (D:12)
  A leopard gecko skeleton (D:4)
  A leopard gecko zombie (D:5)
  2 orc skeletons (D:12)
  13 orc zombies (D:12)
  2 quokka skeletons
  3 rats
  2 plants
863 creatures vanquished.

Vanquished Creatures (collateral kills)
  3 death yaks (Lair:6)
  7 ugly things
  A dream sheep (Lair:6)
  A hippogriff (D:15)
  3 boggarts (D:15)
  A big kobold (D:11)
  A bullfrog (D:15)
  An adder (D:11)
  2 kobolds (D:11)
20 creatures vanquished.

Vanquished Creatures (others)
  A swamp drake (D:11)
  A centaur (D:13)
  35 fungi
  18 plants
55 creatures vanquished.

Grand Total: 938 creatures vanquished

Notes
Turn   | Place    | Note
-------+----------+-------------------------------------------
     0 | D:1      | sankara the Vampire Berserker began the quest for the Orb.
     0 | D:1      | Reached XP level 1. HP: 17/17 MP: 1/1
    88 | D:1      | Reached skill level 1 in Stealth
   415 | D:1      | Reached XP level 2. HP: 23/23 MP: 2/2
   666 | D:2      | Reached skill level 2 in Stealth
  1479 | D:2      | Reached XP level 3. HP: 21/28 MP: 3/3
  1815 | D:2      | Reached skill level 3 in Stealth
  1993 | D:3      | Noticed zero's ghost (amateur SpEn)
  2265 | D:3      | Killed zero's ghost
  2265 | D:3      | Reached skill level 6 in Stealth
  2265 | D:3      | Reached XP level 4. HP: 34/34 MP: 4/4
  2265 | D:3      | Reached XP level 5. HP: 39/39 MP: 5/5
  2340 | D:3      | Reached ** piety under Trog
  2648 | D:3      | Reached skill level 7 in Stealth
  3488 | D:4      | Reached skill level 1 in Throwing
  3488 | D:4      | Reached XP level 6. HP: 39/46 MP: 6/6
  3554 | D:4      | Found a glowing drain.
  3558 | Sewer    | Entered a sewer
  3638 | Sewer    | Noticed Purgy
  3641 | Sewer    | Killed Purgy
  3641 | Sewer    | Reached skill level 8 in Stealth
  4014 | D:4      | Noticed zero's ghost (amateur GnNe)
  4033 | D:4      | Killed zero's ghost
  4033 | D:4      | Reached skill level 9 in Stealth
  4033 | D:4      | Reached XP level 7. HP: 51/51 MP: 7/7
  4559 | D:5      | Entered Level 5 of the Dungeon
  4731 | D:5      | Reached skill level 10 in Stealth
  5008 | D:5      | Noticed Grinder
  5014 | D:5      | Gained mutation: You can translocate small distances at will. [potion of mutation]
  5014 | D:5      | Gained mutation: Your mind is acute. (Int +2) [potion of mutation]
  5307 | D:5      | Killed Grinder
  5307 | D:5      | Reached skill level 5 in Dodging
  5307 | D:5      | Reached XP level 8. HP: 57/57 MP: 8/8
  5643 | D:5      | Found a staircase to the Ecumenical Temple.
  5768 | D:5      | Reached *** piety under Trog
  6096 | D:6      | Reached skill level 1 in Evocations
  6149 | D:6      | Reached skill level 11 in Stealth
  6279 | D:6      | Received a gift from Trog
  7030 | D:7      | Found a hazy altar of Hepliaklqana.
  7529 | D:7      | Reached skill level 12 in Stealth
  7529 | D:7      | Reached XP level 9. HP: 32/62 MP: 11/11
  7750 | D:7      | Reached skill level 5 in Throwing
  8090 | D:7      | Received a gift from Trog
  8408 | D:8      | Reached skill level 13 in Stealth
  8607 | D:8      | Reached **** piety under Trog
  9638 | D:9      | Received a gift from Trog
  9638 | D:9      | Reached XP level 10. HP: 71/71 MP: 12/12
  9966 | D:9      | Reached skill level 14 in Stealth
 11229 | D:9      | Noticed Psyche
 11236 | D:9      | Killed Psyche
 11236 | D:9      | Reached skill level 5 in Fighting
 11394 | D:10     | Entered Level 10 of the Dungeon
 11708 | D:10     | Received a gift from Trog
 12008 | D:10     | Reached skill level 15 in Stealth
 12175 | D:10     | Reached XP level 11. HP: 58/81 MP: 13/13
 12676 | D:11     | Upgraded the game from 0.22-a0-126-g307c7c3 to 0.22-a0-135-g6f012ad
 12694 | D:11     | Identified a scroll of acquirement
 13202 | D:11     | Noticed a cyan ugly thing
 13233 | D:11     | Killed a cyan ugly thing
 13569 | D:11     | Found a staircase to the Lair.
 13878 | D:11     | Noticed a green ugly thing
 13890 | D:11     | Killed a green ugly thing
 14602 | D:11     | Noticed a skeletal warrior
 14972 | D:11     | Noticed a white ugly thing
 14987 | D:11     | Killed a white ugly thing
 14987 | D:11     | Reached skill level 5 in Long Blades
 15237 | Lair:1   | Entered Level 1 of the Lair of Beasts
 15406 | Lair:1   | Reached skill level 16 in Stealth
 16429 | Lair:1   | Reached XP level 12. HP: 84/91 MP: 12/14
 16612 | Lair:2   | Found a staircase to the Snake Pit.
 16783 | Lair:2   | Received a gift from Trog
 17442 | Lair:2   | Found a staircase to the Swamp.
 18324 | Lair:3   | Reached skill level 17 in Stealth
 18758 | Lair:3   | Reached skill level 10 in Dodging
 18769 | Lair:3   | You fall through a shaft for 3 floors!
 18769 | Lair:6   | Entered Level 6 of the Lair of Beasts
 18776 | Lair:6   | Noticed a death yak
 18777 | Lair:6   | Noticed a death yak
 18800 | Lair:6   | Killed a death yak
 18830 | Lair:6   | Noticed a death yak
 18836 | Lair:6   | Noticed a death yak
 18851 | Lair:6   | Noticed a death yak
 18852 | Lair:6   | Killed a death yak
 18857 | Lair:6   | Killed a death yak
 19039 | Lair:4   | Found a dark tunnel.
 19052 | Volcano  | Entered a volcano
 19198 | Lair:4   | Noticed Harold
 19205 | Lair:4   | Killed Harold
 19474 | Lair:4   | Reached XP level 13. HP: 101/101 MP: 15/15
 19763 | Lair:4   | Received a gift from Trog
 20434 | Lair:5   | Reached skill level 18 in Stealth
 21012 | Lair:5   | Received a gift from Trog
 21525 | Lair:6   | Got a brightly glowing falchion
 21562 | Lair:4   | Identified the +9 falchion of Wov Ighefooc {drain, Int+6} (You found it on level 6 of the Lair of Beasts)
 22390 | Lair:5   | Reached skill level 10 in Fighting
 22570 | Lair:6   | Found a staircase to the Slime Pits.
 22691 | Lair:6   | Reached skill level 19 in Stealth
 23151 | Lair:6   | Received a gift from Trog
 23286 | Lair:6   | Reached XP level 14. HP: 24/110 MP: 4/16
 23597 | Lair:6   | Found a burning altar of Makhleb.
 23603 | Lair:6   | Found a gateway to Hell.
 24720 | D:12     | Found a staircase to the Orcish Mines.
 24887 | D:12     | Reached ***** piety under Trog
 25245 | D:12     | Received a gift from Trog
 25293 | Orc:1    | Entered Level 1 of the Orcish Mines
 25298 | Orc:1    | Noticed Maurice
 25357 | D:12     | Killed Maurice
 25435 | Orc:1    | Found Roleog's Assorted Antiques.
 25511 | Orc:1    | Found Ynwaam's Book Boutique.
 25581 | Orc:1    | Found Toonnoor's Book Boutique.
 25647 | Orc:2    | Entered Level 2 of the Orcish Mines
 25711 | Orc:2    | Received a gift from Trog
 25776 | Orc:2    | Found Ushong's Jewellery Shoppe.
 25796 | Orc:2    | Noticed an orc warlord
 25943 | Orc:2    | Noticed an orc warlord
 25944 | Orc:2    | Found Etugh's Antique Weapon Shop.
 26223 | Orc:1    | Killed an orc warlord
 26405 | Orc:2    | Received a gift from Trog
 26827 | Orc:2    | Reached skill level 20 in Stealth
 27089 | Orc:2    | Bought a shimmering scimitar for 243 gold pieces
 27089 | Orc:2    | Identified the cursed +1 scimitar of Bul Nywne {freeze, +Inv Str+3} (You bought it in a shop on level 2 of the Orcish Mines)
 27295 | Orc:2    | Killed an orc warlord
 27295 | Orc:2    | Received a gift from Trog
 27580 | Orc:2    | Found Fuxkeoge's General Store.
 27604 | Orc:2    | Found Juppeuki's Jewellery Shop.
 27636 | Orc:2    | Found a staircase to the Elven Halls.
 27811 | Orc:2    | Found Worejeg's Antique Armour Emporium.
 27819 | Orc:2    | Bought a pair of faintly glowing gloves for 209 gold pieces
 27819 | Orc:2    | Identified the +0 pair of gloves of Houc {rPois} (You bought it in a shop on level 2 of the Orcish Mines)
 27829 | Orc:2    | Bought a pair of embroidered boots for 165 gold pieces
 27842 | Orc:2    | Bought a buckler for 99 gold pieces
 27989 | Orc:1    | Found Vuup's Antique Armour Shoppe.
 28129 | Orc:1    | Found Ixzionk's Armour Boutique.
 28144 | Orc:1    | Received a gift from Trog
 28231 | Orc:1    | Found a roughly hewn altar of Beogh.
 28294 | Orc:1    | Received a gift from Trog
 28415 | Orc:1    | Reached skill level 1 in Shields
 28494 | Orc:1    | Paralysed by an orc sorcerer for 5 turns
 28507 | Orc:1    | Reached skill level 10 in Long Blades
 29137 | Orc:1    | Bought a glowing bone amulet for 115 gold pieces
 29194 | Orc:1    | Bought a pair of runed gloves for 232 gold pieces
 29327 | D:13     | Received a gift from Trog
 29616 | D:13     | Found the +7 sceptre of Torment
 30012 | D:13     | Reached XP level 15. HP: 119/119 MP: 17/17
 30655 | D:13     | Got a heavily runed scale mail
 30656 | D:13     | Identified the +5 scale mail of Ymegax {Str+4 Int+3} (You found it on level 13 of the Dungeon)
 30967 | D:13     | Found a gate to the Vaults.
 31262 | D:14     | Received a gift from Trog
 31663 | D:14     | Noticed Agnes
 31675 | D:14     | Reached skill level 21 in Stealth
 31696 | D:14     | Killed Agnes
 31753 | D:14     | Received a gift from Trog
 31989 | D:15     | Entered Level 15 of the Dungeon
 32105 | D:15     | Found a staircase to the Depths.
 32186 | D:15     | Reached skill level 22 in Stealth
 32258 | D:15     | Noticed Roxanne
 32318 | D:15     | Killed Roxanne
 32319 | D:15     | Identified Roxanne's Guide on Stones (You took it off Roxanne on level 15 of the Dungeon)
 32387 | D:15     | Identified the +5 scale mail "Ischearhu" {Stlth+} (You found it on level 15 of the Dungeon)
 32621 | D:15     | Received a gift from Trog
 33081 | Swamp:1  | Entered Level 1 of the Swamp
 33319 | Swamp:1  | Got a steaming long sword
 33320 | Swamp:1  | Identified the +12 long sword "Daunkely" {slice, *Noise rElec MR+} (You found it on level 1 of the Swamp)
 33326 | Swamp:1  | Identified the amulet of Tegikk {Faith MR++} (You acquired it on level 1 of the Swamp)
 33458 | Swamp:1  | Received a gift from Trog
 33512 | Swamp:1  | Reached XP level 16. HP: 129/129 MP: 18/18
 34584 | Swamp:1  | Received a gift from Trog
 34812 | Swamp:2  | Noticed a thorn hunter
 34939 | Swamp:2  | Killed a thorn hunter
 35125 | Swamp:2  | Received a gift from Trog
 35173 | Swamp:2  | Reached skill level 23 in Stealth
 35289 | Swamp:2  | Noticed Nikola
 35289 | Swamp:2  | Noticed a thorn hunter
 35409 | Swamp:2  | Killed from afar by Nikola

Vault maps used:
D:1:      minmay_arrival_loop
D:2:      minmay_misc_feat_encased, st_stairs_8
D:4:      gup_sewer_entry_bowl, corexii_leaking_fountain
D:5:      minmay_temple_entry_enclosed_plants, first_ration, uniq_grinder
D:7:      kennysheep_mini, hangedman_decor_diamond_cutter, the_bakery,
          minmay_misc_feat_five
D:9:      minmay_goldmine, uniq_psyche
D:11:     erik_lair_dragon, serial_bayou, serial_bayou_crossing,
          serial_bayou_shore_b, serial_bayou_pond_b, serial_bayou_shore_b
D:12:     zombieorc2_lemuel
D:13:     minmay_the_grid_net, david_vaults_5
D:14:     uniq_agnes
D:15:     hangedman_depths_entry_civil_slaughter, serial_bayou_pond_c,
          st_stairs_14, uniq_roxanne
Lair:1:   lemuel_fruit_fields
Lair:2:   nicolae_swamp_entry_splash_gauntlet, guppyfry_snake_entry_garden,
          serial_bayou_shore_b, lemuel_fruit_fields, grunt_megastairs_2
Lair:4:   nicolae_volcano_entry_s_turn, lemuel_fruit_fields, lemuel_fruit_tree,
          uniq_harold
Lair:6:   evil_forest, nicolae_slime_entry_slimehenge,
          minmay_stone_trees_medium, serial_bayou_pond_b
Swamp:1:  evilmike_swamp_ruin_house_6, swamp_pool4
Swamp:2:  evilmike_swamp_ruin_house_1, uniq_nikola
Orc:1:    serial_shops, shop, nicolae_shop_stone, nicolae_shop_trees, shop,
          nicolae_shop_trees, nicolae_orc_pool_cavern, mines1_david,
          uniq_maurice
Orc:2:    grunt_orc_gardens, grunt_orc_garden, grunt_orc_garden,
          grunt_orc_garden, grunt_orc_garden, serial_shops,
          nicolae_shop_temple_entry_statues_fountains
Sewer:    sewer_co_purgy_island
Volcano:  volcano_caves

Skill      XL: |  1  2  3  4  5  6  7  8  9 10 11 12 13 14 15 16 |
---------------+-------------------------------------------------+-----
Stealth        | 1 2 6 7 9 10 12 13 15 16 17 19 20 22 23 | 23.0
Long Blades    | 4 6 7 9 10 11 | 11.3
Throwing       | 1 2 3 4 6 7 8 9 |  9.3
Dodging        | 3 5 6 8 9 10 12 13 | 13.1
Evocations     | 3 |  3.0
Fighting       | 4 5 7 9 10 11 12 | 12.8
Armour         | 2 3 |  3.0
Shields        | 2 4 |  4.0

Action                   |  1- 3 |  4- 6 |  7- 9 | 10-12 | 13-15 | 16-18 || total
-------------------------+-------+-------+-------+-------+-------+-------++-------
Melee: Falchion          |    43 |    22 |    89 |       |  1393 |   178 ||  1725
       Bite              |    10 |    15 |    49 |   154 |   338 |    47 ||   613
       Dagger            |    45 |    87 |   375 |   695 |   154 |    10 ||  1366
       Long sword        |       |       |       |   227 |   120 |       ||   347
       Scimitar          |       |       |       |       |     6 |    19 ||    25
 Fire: Blowgun           |       |       |    24 |    58 |    52 |       ||   134
Throw: Javelin           |       |       |     4 |    15 |    27 |       ||    46
       Tomahawk          |       |       |     5 |     4 |       |       ||     9
Invok: Berserk           |     4 |     3 |     7 |    11 |     9 |     2 ||    36
       Trog's Hand       |       |     1 |     3 |    12 |     7 |     3 ||    26
       Burn Spellbooks   |       |       |     1 |     4 |     2 |       ||     7
       Brothers in Arms  |       |       |       |     7 |     3 |       ||    10
 Abil: End Transformatio |       |     1 |       |     3 |     3 |     2 ||     9
       Bat Form          |       |     1 |       |     3 |     3 |     2 ||     9
       Blink             |       |       |       |     2 |     1 |       ||     3
       Evoke Flight      |       |       |       |       |       |     3 ||     3
  Use: Scroll            |     7 |     5 |     7 |    13 |    16 |     1 ||    49
       Potion            |     5 |    11 |    23 |    37 |    43 |     5 ||   124
 Stab: Sleeping          |     9 |     6 |    24 |    51 |    45 |     4 ||   139
       Distracted        |       |       |     2 |     7 |     9 |     1 ||    19
       Confused          |       |       |       |     1 |       |       ||     1
Armor: Robe              |     9 |     6 |       |       |       |       ||    15
       Troll leather arm |       |    11 |    94 |   185 |   396 |    78 ||   764
Dodge: Dodged            |    42 |    63 |   278 |   698 |  1489 |   199 ||  2769
Block: Buckler           |       |       |       |       |   185 |    61 ||   246
       Rpst.: Falchion   |     5 |     4 |    13 |       |   297 |    27 ||   346
       Long sword        |       |       |       |    69 |    29 |       ||    98
       Scimitar          |       |       |       |       |     1 |     7 ||     8

Table legend:
 A = Spawn XP
 B = Non-spawn XP
 C = Spawn XP percentage of total XP
 D = Spawn monster count
 E = Non-spawn monster count
 F = Spawn count percentage of total count
 G = Total turns spent on level
                    A         B        C        D         E        F      G
               +---------+---------+-------+---------+---------+-------+---------
         Total |       0 |  169019 |   0.0 |       0 |     883 |   0.0 | 35409
               +---------+---------+-------+---------+---------+-------+---------
           D:1 |       0 |      20 |   0.0 |       0 |       7 |   0.0 |  1016
           D:2 |       0 |      39 |   0.0 |       0 |      19 |   0.0 |  1071
           D:3 |       0 |     302 |   0.0 |       0 |      32 |   0.0 |  1393
           D:4 |       0 |     504 |   0.0 |       0 |      14 |   0.0 |   699
           D:5 |       0 |     641 |   0.0 |       0 |      13 |   0.0 |  1300
           D:6 |       0 |     541 |   0.0 |       0 |      12 |   0.0 |  1104
           D:7 |       0 |    1650 |   0.0 |       0 |      45 |   0.0 |  1410
           D:8 |       0 |    1360 |   0.0 |       0 |      31 |   0.0 |  1097
           D:9 |       0 |    3083 |   0.0 |       0 |      40 |   0.0 |  1924
          D:10 |       0 |    3267 |   0.0 |       0 |      22 |   0.0 |  1281
          D:11 |       0 |    6767 |   0.0 |       0 |      60 |   0.0 |  2918
          D:12 |       0 |    8797 |   0.0 |       0 |      98 |   0.0 |  1672
          D:13 |       0 |   16967 |   0.0 |       0 |      66 |   0.0 |  1561
          D:14 |       0 |   14061 |   0.0 |       0 |      30 |   0.0 |   990
          D:15 |       0 |   21412 |   0.0 |       0 |      44 |   0.0 |   903
        Lair:1 |       0 |    4682 |   0.0 |       0 |      22 |   0.0 |  1205
        Lair:2 |       0 |    3473 |   0.0 |       0 |      19 |   0.0 |  1691
        Lair:3 |       0 |    3748 |   0.0 |       0 |      21 |   0.0 |  1082
        Lair:4 |       0 |    5294 |   0.0 |       0 |      20 |   0.0 |  1211
        Lair:5 |       0 |   11496 |   0.0 |       0 |      32 |   0.0 |  1375
        Lair:6 |       0 |   17870 |   0.0 |       0 |      60 |   0.0 |  1946
       Swamp:1 |       0 |   13286 |   0.0 |       0 |      30 |   0.0 |  1737
       Swamp:2 |       0 |    7389 |   0.0 |       0 |      20 |   0.0 |   591
         Orc:1 |       0 |    9050 |   0.0 |       0 |      62 |   0.0 |  1742
         Orc:2 |       0 |   11177 |   0.0 |       0 |      52 |   0.0 |  1989
         Sewer |       0 |     146 |   0.0 |       0 |       8 |   0.0 |   380
       Volcano |       0 |    1997 |   0.0 |       0 |       4 |   0.0 |   121
               +---------+---------+-------+---------+---------+-------+---------
